 Dungeon Crawl Stone Soup version 0.30.0-20-g3615ddf2f0 (webtiles) character file.

Game seed: 16869570629153100020

1311 qw the Cleaver (level 8, -2/50 HPs)
             Began as a Gargoyle Fighter on June 2, 2023.
             Slain by a gnoll
             ... wielding a +3 halberd
             ... led by a gnoll sergeant
              (6 damage)
             ... on level 5 of the Dungeon.
             The game lasted 00:02:22 (4013 turns).

qw the Cleaver (Gargoyle Fighter)                   Turns: 4013, Time: 00:02:23

Health: -2/50      AC: 17    Str: 28    XL:     8   Next: 58%
Magic:  8/8        EV:  9    Int:  9    God:
Gold:   243        SH:  4    Dex:  9    Spells: 7/7 levels left

rFire   . . .        Y - +0 war axe
rCold   . . .        c - +0 buckler
rNeg    + + .        g - +0 chain mail
rPois   inf          (no helmet)
rElec   +            h - +0 cloak
rCorr   .            n - +0 pair of gloves
SInv    .            (no boots)
Will    .....        (no amulet) Stlth
                     m - ring of positive energy
HPRegen 0.28/turn    p - +6 ring of strength
MPRegen 0.11/turn

%: no passive effects
@: no status effects
A: sickness immunity, AC +5, negative energy resistance 1, electricity
resistance, torment resistance 1, petrification resistance
a: no special abilities


You were on level 5 of the Dungeon.
You visited 1 branch of the dungeon, and saw 5 of its levels.

You collected 243 gold pieces.


Innate Abilities, Weirdness & Mutations

You are immune to sickness and miasma.
Your stone body is resilient. (AC +5)
You are immune to poison.
You resist negative energy. (rN+)
You are resistant to electric shocks. (rElec)
You are resistant to unholy torment.
You are immune to petrification.


   Skills:
 - Level 5.4 Fighting
 - Level 8.1 Axes
 - Level 1.6 Throwing
 + Level 3.5 Armour
 - Level 1.9 Dodging
 - Level 3.2 Shields


You had 7 spell levels left.
You didn't know any spells.
Your spell library was empty.

Inventory:

Hand Weapons
 q - a +0 whip of freezing
 Y - a +0 war axe (weapon)
Armour
 c - a +0 buckler (worn)
 e - a +0 plate armour
 g - a +0 chain mail (worn)
 h - a +0 cloak (worn)
 n - a +0 pair of gloves (worn)
Jewellery
 m - a ring of positive energy (left hand)
 p - a +6 ring of strength (right hand)
Scrolls
 a - 5 scrolls of identify
 f - a scroll of poison {unknown}
Potions
 b - a potion of mutation
 d - a potion of might
 k - 3 potions of curing

Dungeon Overview and Level Annotations

Branches:
Dungeon (5/15)
 Temple: D:4-7

Altars:
Hepliaklqana

Shops:
D:4 *

Annotations:
D:4 3 runed translucent doors, qw's ghost, amateur GrFi


Message History

The gnoll hits you but does no damage. The gnoll hits you with a +3 halberd!
Things that are here:
a quokka corpse; an adder corpse
Enter note:
Enter note:
Enter note:
Enter note:
Enter note:
Enter note:
Enter note:
Enter note: You hit the gnoll.
The gnoll is moderately wounded.
The gnoll hits you but does no damage.
You hit the gnoll but do no damage.
The gnoll is moderately wounded.
The gnoll hits you but does no damage.
You hit the gnoll but do no damage.
The gnoll is moderately wounded.
The gnoll completely misses you.
You closely miss the gnoll.
The gnoll is moderately wounded.
You block the gnoll's attack.
You barely miss the gnoll.
The gnoll is moderately wounded.
The gnoll closely misses you.
You closely miss the gnoll.
The gnoll is moderately wounded.
The gnoll barely misses you. The gnoll closely misses you.
You closely miss the gnoll.
The gnoll is moderately wounded.
You block the gnoll's attack.
You hit the gnoll but do no damage.
The gnoll is moderately wounded.
The gnoll hits you with a +3 halberd!
You hit the gnoll.
The gnoll is heavily wounded.
The gnoll hits you with a +3 halberd.
You die...

.....#.......###.#.
.....#.......# #.#.
....#.......###.#. .
...#............> ..
#.......#.......
...######.......<.......
........................
........)..)............
......g@.####...........
.......))# ###...######
##.......# #...#
#.......# #...#
#.......# #...#
######### #...# #####


You could see a gnoll.

Vanquished Creatures
  Pikel (D:4)
  A black bear (D:5)
  A sky beast (D:4)
  An ogre (D:5)
  2 centaurs (D:5)
  A lemure (D:4)
  A gnoll sergeant (D:5)
  2 hounds (D:4)
  An orc priest (D:4)
  3 iguanas (D:5)
  An orc wizard (D:4)
  3 gnolls (D:5)
  4 adders
  2 ufetubi (D:5)
  A worm (D:3)
  4 dart slugs
  6 orcs
  4 endoplasms
  3 giant cockroaches
  7 goblins
  7 hobgoblins
  6 jackals
  14 kobolds
  5 quokkas
  7 ball pythons
  11 bats
  2 frilled lizards
  7 rats
108 creatures vanquished.

Notes
Turn   | Place    | Note
-------+----------+-------------------------------------------
     0 | D:1      | qw the Gargoyle Fighter began the quest for the Orb.
     0 | D:1      | Reached XP level 1. HP: 14/14 MP: 1/1
     0 | D:1      | 0 ||| qw: Version: 0.2-a-102-gdf20003
     0 | D:1      | 0 ||| qw: Game counter: 786
     0 | D:1      | 0 ||| qw: Always use a shield: true
     0 | D:1      | 0 ||| qw: God list: Okawaru
     0 | D:1      | 0 ||| qw: Allow faded altars: false
     0 | D:1      | 0 ||| qw: Do Orc after D:15 true
     0 | D:1      | 0 ||| qw: Do second Lair branch before Depths: true
     0 | D:1      | 0 ||| qw: Lair rune preference: random
     0 | D:1      | 0 ||| qw: Plans: Normal, Zot:1-4, Slime:5, God:TSO, Crypt,
                  | Tomb, Pan, Hells, Abyss, Win
     0 | D:1      | 0 ||| PLANNING D:1-11
    31 | D:1      | 31 ||| Stepping ~*~*~tactically~*~*~ (stealth).
    40 | D:1      | Reached skill level 2 in Axes
    69 | D:1      | Reached XP level 2. HP: 9/19 MP: 2/2
   162 | D:1      | 162 ||| Stepping ~*~*~tactically~*~*~ (stealth).
   218 | D:1      | 218 ||| DROPPING +0 club.
   275 | D:1      | 275 ||| Stepping ~*~*~tactically~*~*~ (hiding).
   281 | D:1      | Reached skill level 3 in Axes
   373 | D:1      | Reached XP level 3. HP: 20/23 MP: 3/3
   568 | D:1      | 568 ||| Stepping ~*~*~tactically~*~*~ (stealth).
   844 | D:1      | 844 ||| UPGRADING to +0 cloak.
   849 | D:1      | 849 ||| READING 3 scrolls labelled LOSUUL UGAG.
   850 | D:1      | 850 ||| READING scroll labelled PAV REGGELA.
   851 | D:1      | 851 ||| READING 2 scrolls of identify.
   851 | D:1      | 851 ||| IDENTIFYING sedimented green potion
   852 | D:1      | 852 ||| DROPPING potion of brilliance.
   940 | D:2      | 940 ||| Stepping ~*~*~tactically~*~*~ (hiding).
   975 | D:2      | Found a hazy altar of Hepliaklqana.
  1004 | D:2      | 1004 ||| Stepping ~*~*~tactically~*~*~ (stealth).
  1137 | D:2      | Reached XP level 4. HP: 28/28 MP: 4/4
  1167 | D:2      | 1167 ||| Stepping ~*~*~tactically~*~*~ (stealth).
  1478 | D:2      | Reached skill level 4 in Axes
  1552 | D:2      | 1552 ||| UPGRADING to +0 chain mail.
  1562 | D:2      | 1562 ||| DROPPING +0 scale mail.
  1563 | D:2      | 1563 ||| UPGRADING to ring of positive energy.
  1564 | D:2      | 1564 ||| READING 2 scrolls labelled DASSOXY GAUDD.
  1565 | D:2      | 1565 ||| READING scroll labelled YMUCREKKIO.
  1583 | D:2      | 1583 ||| DRINKING 2 golden potions.
  1584 | D:2      | 1584 ||| DROPPING scroll of summoning.
  1585 | D:2      | 1585 ||| DROPPING potion of invisibility.
  1766 | D:3      | 1766 ||| Stepping ~*~*~tactically~*~*~ (stealth).
  1767 | D:3      | 1767 ||| Stepping ~*~*~tactically~*~*~ (stealth).
  1886 | D:3      | Found a faded altar of an unknown god.
  2372 | D:3      | 2372 ||| DROPPING orb of wrath.
  2373 | D:3      | 2373 ||| UPGRADING to +0 pair of gloves.
  2378 | D:3      | 2378 ||| DRINKING 2 red potions.
  2379 | D:3      | 2379 ||| READING 2 scrolls of identify.
  2379 | D:3      | 2379 ||| IDENTIFYING emerald potion
  2501 | D:4      | Reached XP level 5. HP: 28/32 MP: 5/5
  2585 | D:4      | Noticed a sky beast
  2607 | D:4      | Killed a sky beast
  2608 | D:4      | Reached skill level 5 in Axes
  2608 | D:4      | Reached XP level 6. HP: 22/37 MP: 6/6
  2702 | D:4      | Found a runed translucent gate.
  2703 | D:4      | Found a runed translucent gate.
  2703 | D:4      | Found a runed translucent gate.
  2703 | D:4      | Noticed qw's ghost (amateur GrFi)
  2793 | D:4      | 2793 ||| Stepping ~*~*~tactically~*~*~ (hiding).
  2867 | D:4      | Noticed Pikel
  2867 | D:4      | 2867 ||| Stepping ~*~*~tactically~*~*~ (stealth).
  2885 | D:4      | Killed Pikel
  2886 | D:4      | Reached skill level 7 in Axes
  2886 | D:4      | Reached XP level 7. HP: 13/43 MP: 7/7
  2999 | D:4      | 2999 ||| DROPPING +0 whip.
  3012 | D:4      | Found Suvirghad's Fire Supplies.
  3026 | D:4      | 3026 ||| SHOPLISTING +0 fire dragon scales (780 gold, have
                  | 187).
  3026 | D:4      | 3026 ||| SHOPLISTING +1 plate armour of fire resistance
                  | (455 gold, have 187).
  3402 | D:4      | 3402 ||| UPGRADING to +6 ring of strength.
  3403 | D:4      | 3403 ||| READING scroll labelled RIKAEN IMUAPS.
  3453 | D:4      | 3453 ||| READING scroll labelled CITABU GURAGAP.
  3454 | D:4      | 3454 ||| READING 4 scrolls of identify.
  3454 | D:4      | 3454 ||| IDENTIFYING gluggy clear potion
  3455 | D:4      | 3455 ||| READING 3 scrolls of identify.
  3455 | D:4      | 3455 ||| IDENTIFYING metallic purple potion
  3456 | D:4      | 3456 ||| DROPPING potion of flight.
  3457 | D:4      | 3457 ||| DROPPING potion of magic.
  3471 | D:5      | Entered Level 5 of the Dungeon
  3478 | D:5      | 3478 ||| Stepping ~*~*~tactically~*~*~ (hiding).
  3486 | D:5      | Reached skill level 1 in Dodging
  3486 | D:5      | Reached XP level 8. HP: 41/48 MP: 8/8
  3489 | D:5      | 3489 ||| Stepping ~*~*~tactically~*~*~ (stealth).
  3490 | D:5      | 3490 ||| Stepping ~*~*~tactically~*~*~ (stealth).
  3505 | D:5      | 3505 ||| Stepping ~*~*~tactically~*~*~ (stealth).
  3506 | D:5      | 3506 ||| Stepping ~*~*~tactically~*~*~ (stealth).
  3507 | D:5      | 3507 ||| Stepping ~*~*~tactically~*~*~ (stealth).
  3509 | D:5      | 3509 ||| Stepping ~*~*~tactically~*~*~ (hiding).
  3510 | D:5      | 3510 ||| Stepping ~*~*~tactically~*~*~ (hiding).
  3511 | D:5      | 3511 ||| Stepping ~*~*~tactically~*~*~ (hiding).
  3585 | D:5      | Reached skill level 1 in Throwing
  3918 | D:5      | 3918 ||| Stepping ~*~*~tactically~*~*~ (stealth).
  3990 | D:5      | Reached skill level 8 in Axes
  3991 | D:5      | HP: 12/50 [gnoll/+3 halberd[a gnoll sergeant] (2)]
  3992 | D:5      | 3992 ||| DRINKING 2 potions of heal wounds.
  3994 | D:5      | 3994 ||| DRINKING potion of heal wounds.
  4012 | D:5      | HP: 3/50 [gnoll/+3 halberd[a gnoll sergeant] (13)]
  4013 | D:5      | Slain by a gnoll

Levels and vault maps discovered:
D:1:      wander_arrival_lonely_grave, layout_basic, st_stairs_1
D:2:      layout_basic, basic_altar
D:3:      layout_basic, shapermc_ecumenical_altar_mp_urbaneastern,
          minmay_quantized
D:4:      layout_gridville, gammafunk_ghost_nasty_kobolds,
          nicolae_shop_fire_sale [nicolae_sub_dead_trees], minmay_crystal_water,
          uniq_pikel
D:5:      cheibrodos_thug_alley, layout_basic, makhleb_grotto_becter,
          ebering_ghost_disaster_area, minmay_manual_mares

Skill      XL: |  1  2  3  4  5  6  7  8 |
---------------+-------------------------+-----
Axes           | 2 3 4 5 7 8 |  8.1
Fighting       | 4 5 |  5.4
Dodging        | 1 |  1.9
Throwing       | 1 |  1.6
Armour         | |  3.5
Shields        | |  3.2

Action                     |  1- 3 |  4- 6 |  7- 9 || total
---------------------------+-------+-------+-------++-------
  Melee: War axe           |   131 |   160 |    87 ||   378
  Throw: Boomerang         |       |    26 |    16 ||    42
    Use: Scroll            |     3 |     3 |     4 ||    10
         Potion            |       |     2 |     2 ||     4
 Armour: Scale mail        |    63 |     8 |       ||    71
         Chain mail        |       |    90 |    73 ||   163
  Dodge: Dodged            |    54 |    53 |    49 ||   156
  Block: Buckler           |    29 |    29 |    24 ||    82

Table legend:
 A = Non-vault XP
 B = Vault XP
 C = Vault XP percentage of total XP
 D = Non-vault monster count
 E = Vault monster count
 F = Vault count percentage of total count
                 A         B        C        D         E       F
            +---------+---------+-------+---------+---------+-------
      Total |    1009 |     864 |  46.1 |      99 |       8 |   7.5
            +---------+---------+-------+---------+---------+-------
        D:1 |      50 |       3 |   5.7 |      31 |       2 |   6.1
        D:2 |      47 |       0 |   0.0 |      19 |       0 |   0.0
        D:3 |      47 |       5 |   9.6 |      16 |       3 |  15.8
        D:4 |     330 |     629 |  65.6 |      18 |       1 |   5.3
        D:5 |     535 |     227 |  29.8 |      15 |       2 |  11.8
            +---------+---------+-------+---------+---------+-------
